 Dungeon Crawl Stone Soup version 0.30-a0-924-g0ad0bf95bc (webtiles) character file.

Game seed: 15911224390020150486

3179 GuildmasterMusic the Cleaver (level 9, -7/81 HPs)
             Began as a Minotaur Fighter on Mar 4, 2023.
             Was a Priest of Okawaru.
             Killed from afar by an electric eel (9 damage)
             ... with a bolt of electricity
             ... on level 8 of the Dungeon on Mar 22, 2023.
             The game lasted 00:13:44 (5980 turns).

GuildmasterMusic the Cleaver (Minotaur Fighter)     Turns: 5980, Time: 00:13:45

Health: -7/81      AC: 10    Str: 25    XL:     9   Next: 63%
Magic:  8/8        EV: 23    Int:  5    God:    Okawaru [***...]
Gold:   476        SH:  5    Dex: 10    Spells: 8/8 levels left

rFire   . . .      SeeInvis +    a - +1 war axe
rCold   . . .      Faith    .    c - +0 buckler
rNeg    . . .      Spirit   .    v - +0 chain mail
rPois   .          Reflect  .    (helmet restricted)
rElec   .          Rampage  .    (no cloak)
rCorr   .                        (no gloves)
Will    .....                    (no boots) Stlth
                                 l - amulet of the acrobat
HPRegen 0.33/turn                k - ring of see invisible
MPRegen 0.11/turn                (no ring)

@: acrobatic
A: horns 2, retaliatory headbutt
a: Renounce Religion, Heroism


You were on level 8 of the Dungeon.
You worshipped Okawaru.
Okawaru was most pleased with you.
You visited 2 branches of the dungeon, and saw 9 of its levels.

You collected 476 gold pieces.

Inventory:

Hand Weapons
 a - a +1 war axe (weapon)
Missiles
 q - 9 boomerangs (quivered)
Armour
 c - a +0 buckler (worn)
 v - a +0 chain mail (worn)
Jewellery
 k - a ring of see invisible (left hand)
 l - an amulet of the acrobat (around neck)
 n - a +6 ring of strength
 x - a ring of resist corrosion
Wands
 i - a wand of roots (11)
 u - a wand of charming (9)
 B - a wand of flame (18)
 H - a wand of digging (9)
Scrolls
 b - 2 scrolls of fog
 f - 5 scrolls of enchant weapon
 h - 2 scrolls of magic mapping
 j - 3 scrolls of enchant armour {unknown}
 m - 4 scrolls of teleportation {unknown}
 p - 3 scrolls of blinking {unknown}
 y - a scroll of vulnerability {unknown}
 A - 5 scrolls of identify
 C - a scroll of summoning {unknown}
 D - a scroll of brand weapon {unknown}
 F - a scroll of amnesia
 I - a scroll of torment {unknown}
Potions
 d - 2 potions of might
 e - 2 potions of cancellation
 g - a potion of attraction {unknown}
 o - 5 potions of haste
 r - 3 potions of degeneration
 s - a potion of mutation {unknown}
 t - 3 potions of berserk rage {unknown}
 w - 2 potions of curing {unknown}
 z - 2 potions of ambrosia {unknown}
 E - 2 potions of lignification {unknown}
 G - a potion of magic {unknown}


   Skills:
 + Level 8.1 Fighting
 * Level 10.6 Axes
 + Level 8.1 Armour
 + Level 8.2 Shields


You had 8 spell levels left.
You didn't know any spells.
Your spell library contained the following spells:

 Spells                   Type           Power      Damage    Failure   Level
 Apportation              Tloc           0%         N/A       98%         1
 Necrotise                Necr           0%         1d4       98%         1
 Sting                    Tmut/Pois      0%         1d3       98%         1
 Poisonous Vapours        Pois/Air       0%         N/A       99%         2
 Olgreb's Toxic Radiance  Pois           0%         N/A       100%        4
 Summon Small Mammal      Summ           Unusable   N/A       N/A         1
 Call Canine Familiar     Summ           Unusable   N/A       N/A         3
 Summon Guardian Golem    Hex/Summ       Unusable   N/A       N/A         3

Dungeon Overview and Level Annotations

Branches:
Dungeon (8/15)             Temple (1/1) D:4
   Lair: D:8-11

Altars:
Ashenzari
Cheibriados
Dithmenos
Elyvilon
Gozag
Hepliaklqana
Kikubaaqudgha
Makhleb
Nemelex Xobeh
Okawaru
Qazlal
Ru
Sif Muna
Trog
Uskayaw
Vehumet
Wu Jian
Xom
Yredelemnul
Zin
The Shining One


Innate Abilities, Weirdness & Mutations

You have a pair of horns on your head.
You reflexively headbutt those who attack you in melee.


Message History

The electric eel shoots out a bolt of lightning at you!
The bolt of electricity misses you. The bolt of electricity hits you.
The electric eel shoots out a bolt of lightning at you!
The bolt of electricity hits the plant!
The bolt of electricity misses you.
You barely miss the electric eel. Your headbutt misses the electric eel.
The electric eel shoots out a bolt of lightning at you!
The bolt of electricity hits the plant!
The bolt of electricity misses you.
You closely miss the electric eel.
A nearby plant withers and dies.
The electric eel shoots out a bolt of lightning at you!
The bolt of electricity hits you!
The electric eel shoots out a bolt of lightning at you!
The bolt of electricity misses you.
Your unstable footing causes you to fumble your attack.
The electric eel shoots out a bolt of lightning at you!
The bolt of electricity hits you.
The electric eel shoots out a bolt of lightning at you!
The bolt of electricity hits you.
The electric eel shoots out a bolt of lightning at you!
The bolt of electricity hits you!
The electric eel shoots out a bolt of lightning at you!
The bolt of electricity hits you!
The electric eel shoots out a bolt of lightning at you!
The bolt of electricity misses you. The bolt of electricity hits you.
* * * LOW HITPOINT WARNING * * *
The electric eel shoots out a bolt of lightning at you!
The bolt of electricity hits you.
* * * LOW HITPOINT WARNING * * *
The electric eel shoots out a bolt of lightning at you!
The bolt of electricity hits the electric eel.
The electric eel completely resists.
The bolt of electricity hits you.
* * * LOW HITPOINT WARNING * * *
The electric eel shoots out a bolt of lightning at you!
The bolt of electricity hits the electric eel.
The electric eel completely resists.
The bolt of electricity hits the electric eel.
The electric eel completely resists.
The bolt of electricity hits you!
* * * LOW HITPOINT WARNING * * *
The electric eel shoots out a bolt of lightning at you!
The bolt of electricity hits you!
You die...

#........#
##........#
#.........#
#.........# #
#.........# ###
#.........# #..
##.........#
#..
#S♣♣.......#
###
♣~~♣♣@.....#
♣~~~~♣.....#
♣~S~♣~~~.....#
♣~~~P~~~♣....#
♣~~P~~~~~♣.....
P~~~P~~~♣♣.....
♣~P~~~~~P~ ####
P~~P~~≈P~~♣


You could see an electric eel.

Vanquished Creatures
  A water moccasin (D:6)
  3 black bears
  2 sky beasts
  3 ogres
  5 phantoms
  A centaur (D:5)
  A kobold brigand (D:8)
  2 bullfrogs
  3 scorpions
  A gnoll sergeant (D:8)
  6 wights
  A killer bee (D:6)
  2 hounds
  3 orc priests
  6 jellies
  Jessica (D:2)
  3 iguanas
  Natasha (twice) (D:4)
  12 orc wizards
  Robin (D:4)
  15 gnolls
  7 adders
  A white imp (D:5)
  4 worms
  3 dart slugs
  28 orcs
  5 ball pythons
  7 endoplasms
  2 giant cockroaches
  17 goblins
  10 hobgoblins
  4 jackals (D:2)
  5 quokkas
  4 bats
  3 frilled lizards
  16 kobolds
  4 rats
194 creatures vanquished.

Vanquished Creatures (others)
  6 plants
6 creatures vanquished.

Grand Total: 200 creatures vanquished

Notes
Turn   | Place    | Note
-------+----------+-------------------------------------------
     0 | D:1      | GuildmasterMusic the Minotaur Fighter began the quest for
                  | the Orb.
     0 | D:1      | Reached XP level 1. HP: 19/19 MP: 0/0
   112 | D:1      | Reached XP level 2. HP: 25/27 MP: 1/1
   219 | D:1      | Reached skill level 3 in Axes
   589 | D:1      | Reached XP level 3. HP: 33/33 MP: 2/2
   781 | D:2      | Noticed Jessica
   793 | D:2      | Killed Jessica
   936 | D:2      | Reached XP level 4. HP: 40/40 MP: 3/3
  1019 | D:2      | Found an ornate altar of the Wu Jian Council.
  1024 | D:2      | Reached skill level 4 in Axes
  1194 | D:2      | Upgraded the game from 0.30-a0-852-g08b95dd62f to
                  | 0.30-a0-924-g0ad0bf95bc
  1331 | D:3      | Noticed a scorpion
  1337 | D:3      | Killed a scorpion
  1338 | D:3      | Reached XP level 5. HP: 47/47 MP: 4/4
  1449 | D:3      | Found a bloodstained altar of Trog.
  1481 | D:3      | Found a hide-covered altar of Uskayaw.
  1716 | D:4      | Noticed a phantom
  1725 | D:4      | Killed a phantom
  1726 | D:4      | Reached skill level 5 in Axes
  1829 | D:4      | Noticed Robin
  1856 | D:4      | Reached XP level 6. HP: 49/55 MP: 5/5
  1861 | D:4      | Killed Robin
  1998 | D:4      | Reached skill level 5 in Fighting
  1998 | D:4      | Reached skill level 5 in Armour
  1998 | D:4      | Reached skill level 5 in Shields
  2248 | D:4      | Found a staircase to the Ecumenical Temple.
  2254 | Temple   | Entered the Ecumenical Temple
  2259 | Temple   | Became a worshipper of Warmaster Okawaru
  2576 | D:4      | Noticed Natasha
  2580 | D:4      | Killed Natasha
  2676 | D:4      | Noticed Natasha
  2683 | D:4      | Killed Natasha
  2720 | D:5      | Entered Level 5 of the Dungeon
  2748 | D:5      | Reached skill level 6 in Axes
  2748 | D:5      | Reached XP level 7. HP: 48/61 MP: 6/6
  2944 | D:5      | Reached skill level 7 in Axes
  2952 | D:5      | Reached * piety under Okawaru
  3154 | D:5      | Reached XP level 8. HP: 63/70 MP: 7/7
  3343 | D:5      | Reached skill level 8 in Axes
  3676 | D:6      | Reached ** piety under Okawaru
  3855 | D:6      | Reached skill level 9 in Axes
  3992 | D:6      | Reached XP level 9. HP: 77/79 MP: 8/8
  4055 | D:6      | Reached *** piety under Okawaru
  4811 | D:7      | Reached skill level 10 in Axes
  5977 | D:8      | HP: 1/81 [electric eel/bolt of electricity (14)]
  5980 | D:8      | Killed from afar by an electric eel

Illustrated notes

Levels and vault maps discovered:
D:1:      heliophobic_arrival_battle_scene, layout_loops_ring
D:2:      layout_basic, basic_altar, uniq_jessica
D:3:      layout_rooms, mainiacjoe_overflow_two_lobes
D:4:      layout_gridville, minmay_temple_entry_gardened_gates,
          kennysheep_cross_bottleneck, uniq_robin, uniq_natasha
D:5:      layout_basic, kennysheep_generic_room_12
D:6:      layout_layer_cave, kennysheep_crisscross, minmay_pentangle
D:7:      layout_basic
D:8:      layout_cave_pods, ploomutoo_gammafunk_ghost_potion_laboratory,
          grunt_decor_clamped, serial_bayou_lake_a
Temple:   compressed_dpeg_triangle_lava_temple

Skill      XL: |  1  2  3  4  5  6  7  8  9 |
---------------+----------------------------+-----
Axes           | 3 4 5 6 7 9 10 | 10.6
Shields        | 4 5 6 7 8 |  8.2
Fighting       | 4 5 6 7 8 |  8.1
Armour         | 4 5 6 7 8 |  8.1

Action                     |  1- 3 |  4- 6 |  7- 9 || total
---------------------------+-------+-------+-------++-------
  Melee: War axe           |    72 |   115 |   223 ||   410
         Headbutt          |    13 |    13 |    39 ||    65
    Use: Scroll            |       |       |     7 ||     7
 Armour: Scale mail        |    31 |     3 |       ||    34
         Chain mail        |       |    65 |    98 ||   163
  Dodge: Dodged            |    31 |    88 |   107 ||   226
  Block: Buckler           |    22 |    35 |    62 ||   119

Table legend: (Time is in decaauts)
 A = Elapsed time spent in this place.
 B = Non-inter-level travel time spent in this place.
 C = Inter-level travel time spent in this place.
 D = Time resting spent in this place.
 E = Time spent auto-exploring this place.
 F = Levels seen in this place.
 G = Mean time per level.
                   A        B        C        D        E       F      G
               +--------+--------+--------+--------+--------+-----+--------+
         Total |   6065 |   5914 |    151 |    292 |   4327 |   9 |  673.9 |
       Dungeon |   5756 |   5605 |    151 |    292 |   4049 |   8 |  719.5 |
        Temple |    308 |    308 |      0 |      0 |    278 |   1 |  308.0 |
               +--------+--------+--------+--------+--------+-----+--------+

Top non-repeatable levels by time:
     D:7: 1014 daAuts
     D:6: 921 daAuts
     D:5: 894 daAuts
     D:1: 704 daAuts
     D:4: 632 daAuts
     D:3: 595 daAuts
     D:2: 538 daAuts
     D:8: 454 daAuts
  Temple: 308 daAuts
